AoeStats
← s m i f f y

Black Forest

510583466Analyzed
2v2 RM · 24h ago on Oct 1, 2026· 42m 59s· 4 players
Game mode
Random Map
Map size
Medium (4 player)
Population
200
Speed
Normal
Resources
Standard
Victory
Conquest
Starting age
Dark Age
Ending age
Imperial Age
RankedLock teamsTeams togetherTeam positionsShared explorationLock speedFull tech treeHidden civsTurbo modeCheats
Victory
Defeat
🇪🇸 Britons · Spain
1253
+13
🇦🇷 Varangians · Argentina
1182
+16
🇸🇪 Danes · Sweden
1193
-15
🇬🇧 Bohemians · United Kingdom
1171
-14
s m i f f y
0:33 Loom
13:48 Feudal Age
19:43 Castle Age
18:54 Double-Bit Axe
30:08 Bow Saw
32:05 Fletching
35:33 Imperial Age
38:31 Bodkin Arrow
MehTy
0:39 Loom
25:11 Feudal Age
35:48 Horse Collar
39:29 Castle Age
37:31 Double-Bit Axe
Krastar
1:10 Loom
13:37 Feudal Age
18:03 Castle Age
16:23 Fletching
16:33 Padded Archer Armor
16:49 Double-Bit Axe
20:04 Bow Saw
21:30 Gold Mining
24:50 Bodkin Arrow
25:10 Leather Archer Armor
26:16 Gold Shaft Mining
29:22 Horse Collar
31:54 Wheelbarrow
31:05 Town Watch
31:06 Fishing Lines
32:23 Stone Mining
32:46 Heavy Plow
37:30 Imperial Age
37:34 Hand Cart
38:55 Town Patrol
39:59 Two-Man Saw
39:34 Ring Archer Armor
39:04 Bracer
39:28 Ballistics
40:08 Chemistry
39:19 Masonry
39:14 Siege Engineers
41:32 Conscription
41:37 Warwolf
41:07 Crossbowman
41:15 Cranequins
42:25 Heavy Mounted Crossbowman
pity.grillo26
0:57 Loom
19:36 Feudal Age
24:43 Castle Age
23:38 Stone Mining
24:07 Double-Bit Axe
27:36 Fishing Lines
28:08 Fletching
39:15 Imperial Age
38:24 Town Watch
40:12 Onager
42:14 Fortified Wall
41:38 Onager
42:47 Bow Saw
Connection lost

Rejoining the realm…

Still unreachable

The connection could not be restored.

Session expired

The server has moved on; the page needs a fresh start.